 Dungeon Crawl Stone Soup version 0.29-a0-550-g81e455f4c2 (webtiles) character file.

Game seed: 18178484738763073578

2235 Lekart the Sneak (level 9, 0/111 HPs)
             Began as a Pale Draconian Delver on June 5, 2022.
             Was a Believer of Ashenzari.
             Slain by a gnoll sergeant
             ... wielding a +0 spear of venom
              (6 damage)
             ... on level 7 of the Dungeon.
             The game lasted 00:14:22 (8526 turns).

Lekart the Sneak (Pale Draconian Delver)            Turns: 8526, Time: 00:14:23

Health: 0/111      AC:  8    Str: 14    XL:     9   Next: 14%
Magic:  17/17      EV: 15    Int: 10    God:    Ashenzari [**....]
Gold:   408        SH:  0    Dex: 18    Spells: 18/19 levels left

rFire   . . .      SeeInvis +   h - +1 hand axe of Ashenzari's Altruism {elec, Bglg, Melee} (curse)
rCold   . . .      Faith    .   (no shield)
rNeg    . . .      Spirit   .   (body armour unavailable)
rPois   .          Reflect  .   (helmet restricted)
rElec   .          Harm     .   B - +0 cloak of Ashenzari's Fetters {Bglg, Cun} (curse)
rCorr   .          Rampage  .   (no gloves)
Will    .....                   (no boots)
Stlth   ..........              (no amulet)
HPRegen 0.28/turn               d - ring "Overhang to Understand" {Fly, Cun, Alch} (curse)
MPRegen 0.15/turn               (no ring)

@: berserking, lethally poisoned (0 -> -18), short of breath, flying, very quick
A: breathe steam, AC +7, unfitting armour, cold-blooded, steam resistance
a: Breathe Steam, Renounce Religion, Shatter the Chains


You were on level 7 of the Dungeon.
You worshipped Ashenzari.
Ashenzari was pleased with you.
You visited 1 branch of the dungeon, and saw 7 of its levels.
You also visited: Sewer.

You collected 460 gold pieces.
You spent 52 gold pieces at shops.

Inventory:

Hand Weapons
 a - a +0 hand axe
 h - the cursed +1 hand axe of Ashenzari's Altruism (weapon) {elec, Bglg, Melee}
   (You found it on level 5 of the Dungeon)

   It occasionally discharges a powerful burst of electricity upon striking a
   foe.
   It has a curse which improves the following skills: Beguiling: Conjurations,
   Hexes and Translocations.
   Melee Combat: Short Blades, Long Blades, Axes, Maces & Flails, Polearms,
   Staves and Unarmed Combat.
Armour
 B - the cursed +0 cloak of Ashenzari's Fetters (worn) {Bglg, Cun}
   (You took it off Crazy Yiuf on level 5 of the Dungeon)

   It has a curse which improves the following skills: Beguiling: Conjurations,
   Hexes and Translocations.
   Cunning:   Dodging and Stealth.
Jewellery
 d - the cursed ring "Overhang to Understand" (left hand) {Fly, Cun, Alch}
   (You found it on level 4 of the Dungeon)

   [ring of flight]

   Fly:       It grants you flight.
   It has a curse which improves the following skills: Cunning: Dodging and
   Stealth.
   Alchemy:   Poison Magic and Transmutations.
 g - a ring of ice
 D - a ring of see invisible
Wands
 f - a wand of digging (3)
 v - a wand of flame (15)
 y - a wand of charming (7)
Scrolls
 b - 3 scrolls of fog
 k - 11 scrolls of identify
 o - 3 scrolls of teleportation
 p - 3 scrolls of enchant weapon
 r - a scroll of amnesia
 s - a scroll of fear
 w - a scroll of blinking
 C - a scroll of poison
Potions
 c - 2 potions of flight
 e - 3 potions of haste
 i - a potion of might
 j - 2 potions of brilliance
 l - 3 potions of degeneration
 m - a potion of attraction
 n - a potion of lignification
 q - a potion of heal wounds
 t - 2 potions of mutation
 z - a potion of cancellation
 A - a potion of magic


   Skills:
 + Level 5.0 Fighting
 + Level 5.9(7.1) Axes
 + Level 4.1(5.9) Dodging
 + Level 6.4(8.4) Stealth
 + Level 5.6 Spellcasting
 + Level 4.7 Necromancy


You had 18 spell levels left.
You knew the following spells:

 Your Spells              Type           Power      Damage    Failure   Level
a - Necrotize             Necr           48%        1d6       3%          1

Your spell library contained the following spells:

 Spells                   Type           Power      Damage    Failure   Level
 Apportation              Tloc           6%         N/A       21%         1
 Magic Dart               Conj           12%        1d3       21%         1
 Summon Small Mammal      Summ           8%         N/A       22%         1
 Searing Ray              Conj           6%         2d4       30%         2
 Gell's Gravitas          Tloc           3%         N/A       52%         3
 Lesser Beckoning         Tloc           3%         N/A       52%         3
 Portal Projectile        Hex/Tloc       6%         N/A       52%         3
 Teleport Other           Tloc           3%         N/A       52%         3
 Call Canine Familiar     Summ           2%         N/A       54%         3
 Fulminant Prism          Conj/Hex       1%         3d6       89%         4
 Leda's Liquefaction      Hex/Erth       1%         N/A       90%         4


Dungeon Overview and Level Annotations

Branches:
Dungeon (7/15)             Temple (0/1) D:7           Sewer (visited)

Altars:
Ashenzari
Cheibriados
Gozag
Sif Muna
Vehumet
Wu Jian
Yredelemnul
Zin

Shops:
D:3 [!(   D:7 (

Annotations:
D:4 Eustachio
D:5 2 transporters


Innate Abilities, Weirdness & Mutations

You can breathe blasts of scalding, opaque steam.
Your pale cyan-grey scales are hard. (AC +7)
You cannot fit into any form of body armour.
You are cold-blooded and may be slowed by cold attacks.
You are immune to the effects of steam.


Message History

The gnoll sergeant is engulfed in a cloud of scalding steam.
The gnoll sergeant barely misses you.
You feel better.
The gnoll sergeant hits you from afar with a +0 spear of venom.
* * * LOW HITPOINT WARNING * * *
You are poisoned.
Aiming: Throw Flame
Press: ? - help, Shift-Dir - straight line, f/p - gnoll sergeant
Aim: a gnoll sergeant, wielding a +0 spear of venom and wearing a +0 scale mail (almost dead, fast, 77% to hit)
The puff of flame hits the gnoll sergeant but does no damage.
The gnoll sergeant is almost dead.
You feel sick. The gnoll sergeant misses you.
The gnoll sergeant hits you but does no damage.
You are lethally poisoned!
Aiming: Throw Flame
Press: ? - help, Shift-Dir - straight line, f/p - gnoll sergeant
Aim: a gnoll sergeant, wielding a +0 spear of venom and wearing a +0 scale mail (almost dead, fast, 77% to hit)
The puff of flame hits the gnoll sergeant.
The gnoll sergeant is almost dead.
* * * LOW HITPOINT WARNING * * *
You feel very sick. The gnoll sergeant barely misses you.
You feel better.
The gnoll sergeant hits you from afar with a +0 spear of venom.
* * * LOW HITPOINT WARNING * * *
The gnoll sergeant hits you from afar with a +0 spear of venom.
* * * LOW HITPOINT WARNING * * *
You are lethally poisoned!
A red film seems to cover your vision as you go berserk!
You feel yourself moving faster!
You feel mighty!
You feel very sick.
The gnoll sergeant hits you from afar with a +0 spear of venom.
* * * LOW HITPOINT WARNING * * *
You are more poisoned.
You feel a strong urge to attack something.
* * * LOW HITPOINT WARNING * * *
You feel very sick. The gnoll sergeant closely misses you.
The gnoll sergeant hits you with a +0 spear of venom.
You die...

##......#'###########....####....
....#'###.#########............##
....#..........#..#............#
....+..........+..'............#
....############..#............+
........ ,##.###..########.....#
.........,+..............#.....#
.........,#..............#.....#
.....<...,######@.####...#......
#######.., ##g.####+## .... , ,
.. ,* #..........*..... , ,, ,
#..........*.....
#.).########....., **
#..)#......)..... ,
###'#....)....... ,
#.......g))......, , , ,,
#.......gg)).....


You could see a gnoll sergeant (fast).

Vanquished Creatures
  Joseph (D:7)
  Menkaure (D:6)
  2 black bears
  2 centaurs
  A phantom (D:6)
  A kobold brigand (Sewer)
  A necrophage (D:6)
  5 scorpions
  5 wights (D:7)
  2 howler monkeys (D:4)
  3 jellies
  A gnoll shaman (D:7)
  Crazy Yiuf (D:5)
  Terence (D:2)
  4 iguanas
  Robin (D:4)
  9 gnolls (D:7)
  9 adders
  2 river rats (D:4)
  A shadow imp (D:6)
  2 worms
  A dart slug (D:2)
  12 orcs
  5 endoplasms
  4 giant cockroaches
  14 goblins
  10 hobgoblins
  13 jackals
  14 kobolds
  3 quokkas
  10 ball pythons
  9 bats
  4 frilled lizards
  11 rats
165 creatures vanquished.

Notes
Turn   | Place    | Note
-------+----------+-------------------------------------------
     0 | D:5      | Lekart the Draconian Delver began the quest for the Orb.
     0 | D:5      | Reached XP level 1. HP: 19/19 MP: 1/1
    87 | D:5      | Reached XP level 2. HP: 16/26 MP: 2/2
   319 | D:4      | Found a radiant altar of Vehumet.
   363 | D:4      | Reached skill level 5 in Stealth
   375 | D:4      | Found a glowing drain.
   384 | D:4      | Reached XP level 3. HP: 29/31 MP: 3/3
   404 | Sewer    | Entered a sewer
   564 | Sewer    | Noticed a kobold brigand
   577 | Sewer    | Killed a kobold brigand
   578 | Sewer    | Reached XP level 4. HP: 19/40 MP: 4/4
   749 | Sewer    | Found a white marble altar of Elyvilon.
   904 | D:4      | Noticed Robin
   913 | D:4      | Killed Robin
   914 | D:4      | Reached XP level 5. HP: 44/46 MP: 5/5
  1313 | D:4      | Noticed Eustachio
  1343 | D:4      | Reached XP level 6. HP: 22/52 MP: 6/6
  1392 | D:3      | Found Goedd's Distillery.
  1658 | D:3      | Bought a potion of might for 52 gold pieces
  1997 | D:3      | Found Ubliteim's Weapon Shop.
  2079 | D:3      | Found Deol's Antique Armour Shop.
  2289 | D:3      | Found a faded altar of an unknown god.
  2289 | D:3      | Found an opulent altar of Gozag.
  2297 | D:3      | Found an ornate altar of the Wu Jian Council.
  2299 | D:3      | Found a snail-covered altar of Cheibriados.
  2300 | D:3      | Found a glowing silver altar of Zin.
  2718 | D:2      | Noticed Terence
  2730 | D:2      | Killed Terence
  3393 | D:1      | Found a faded altar of an unknown god.
  3395 | D:1      | Reached skill level 6 in Stealth
  3408 | D:1      | Prayed at the altar of an unknown god.
  3408 | D:1      | Became a worshipper of Ashenzari the Shackled
  4512 | D:4      | Found a basalt altar of Yredelemnul.
  4618 | D:4      | Your scales start taking on a pale cyan-grey colour.
  4618 | D:4      | Reached XP level 7. HP: 52/60 MP: 7/7
  4618 | D:4      | Gained mutation: You are immune to the effects of steam.
                  | [Pale Draconian growth]
  4744 | D:5      | Found a transporter.
  4783 | D:5      | Found a transporter.
  4958 | D:5      | Reached skill level 5 in Axes
  4964 | D:5      | Learned a level 1 spell: Necrotize
  5669 | D:5      | Found a runed translucent door.
  5670 | D:5      | Noticed Crazy Yiuf
  5827 | D:5      | Reached skill level 1 in Spellcasting
  5827 | D:5      | Reached skill level 1 in Necromancy
  6317 | D:5      | Killed Crazy Yiuf
  6548 | D:6      | Reached * piety under Ashenzari
  6580 | D:6      | Noticed Menkaure
  6587 | D:6      | Killed Menkaure
  6588 | D:6      | Reached XP level 8. HP: 45/67 MP: 11/11
  6948 | D:6      | Reached skill level 5 in Fighting
  7307 | D:6      | Reached ** piety under Ashenzari
  7809 | D:7      | Found a staircase to the Ecumenical Temple.
  7854 | D:7      | Noticed Joseph
  7868 | D:7      | Killed Joseph
  8016 | D:7      | Found a shimmering blue altar of Sif Muna.
  8094 | D:7      | Found Fuoris's Antique Weapon Emporium.
  8160 | D:7      | Reached skill level 5 in Spellcasting
  8171 | D:7      | Reached XP level 9. HP: 23/73 MP: 15/17
  8526 | D:7      | Slain by a gnoll sergeant

Illustrated notes

Levels and vault maps discovered:
D:1:      kennysheep_arrival_forest, layout_basic,
          nicolae_ecumenical_snake_handling, minmay_misc_feat_chi,
          minmay_unequal
D:2:      layout_loops_ring, uniq_terence
D:3:      minmay_general_purpose_star, layout_basic,
          chequers_temple_overflow_minitemple, serial_shops, shop, shop, shop
D:4:      layout_basic, marbit_many_paths, mainiacjoe_overflow_brackets,
          portal_sewer_entry_b, uniq_eustachio, uniq_robin
D:5:      layout_layer_cave, gammafunk_ghost_stat_death, uniq_crazy_yiuf_cottage
D:6:      nicolae_BIG_FREAKIN_CUBE, layout_basic, uniq_menkaure
D:7:      layout_gridville, led_sif_pool, temple_pool_b, serial_shops,
          nicolae_take_the_stairs, worms_lemuel, uniq_maggie, uniq_joseph

Skill      XL: |  1  2  3  4  5  6  7  8  9 |
---------------+----------------------------+-----
Stealth        | 5 6 |  6.4
Dodging        | 2 3 4 |  4.1
Axes           | 3 4 5 |  5.9
Fighting       | 4 5 |  5.0
Spellcasting   | 2 5 |  5.6
Necromancy     | 2 4 |  4.7

Action                   |  1- 3 |  4- 6 |  7- 9 || total
-------------------------+-------+-------+-------++-------
Melee: Hand axe          |    53 |   271 |   109 ||   433
       Tailslap          |     6 |    29 |    21 ||    56
       Punch             |       |     2 |     3 ||     5
 Cast: Necrotize         |       |       |    72 ||    72
Invok: Curse Item        |       |       |     3 ||     3
 Abil: Breathe Steam     |       |       |     8 ||     8
Evoke: Wand              |       |       |     2 ||     2
  Use: Scroll            |     2 |     1 |     1 ||     4
       Potion            |       |     2 |     4 ||     6
 Stab: Sleeping          |     2 |    15 |       ||    17
       Distracted        |       |     2 |       ||     2
Armor: Skin              |    18 |   127 |    43 ||   188
Dodge: Dodged            |    36 |   235 |   153 ||   424

Table legend: (Time is in decaauts)
 A = Elapsed time spent in this place.
 B = Non-inter-level travel time spent in this place.
 C = Inter-level travel time spent in this place.
 D = Time resting spent in this place.
 E = Time spent auto-exploring this place.
 F = Levels seen in this place.
 G = Mean time per level.
                   A        B        C        D        E       F      G
               +--------+--------+--------+--------+--------+-----+--------+
         Total |   8587 |   8334 |    253 |    504 |   6480 |   8 | 1073.4 |
       Dungeon |   8174 |   7921 |    253 |    417 |   6212 |   7 | 1167.7 |
         Sewer |    413 |    413 |      0 |     87 |    268 |   1 |  413.0 |
               +--------+--------+--------+--------+--------+-----+--------+

Top non-repeatable levels by time:
     D:5: 1979 daAuts
     D:6: 1273 daAuts
     D:3: 1156 daAuts
     D:4: 1104 daAuts
     D:1: 917 daAuts
     D:2: 891 daAuts
     D:7: 851 daAuts
   Sewer: 413 daAuts
